 Dungeon Sprint DCSS version 0.24-a0-592-g9a1d66b0e3 (webtiles) character file.

Game seed: 1642846922655612275, levelgen mode: deterministic

567124 MordorOrchid the Invulnerable (level 22, 0/357 HPs)
             Began as a Troll Fighter on Sept 9, 2019.
             Was the Champion of Cheibriados.
             Killed from afar by Ereshkigal (34 damage)
             ... with a bolt of cold
             ... in the Dungeon (Sprint IX: "|||||||||||||||||||||||||||||").
             The game lasted 01:30:32 (6626 turns).

MordorOrchid the Invulnerable (Troll Fighter)       Turns: 6626, Time: 01:30:32

Health: 0/357      AC: 30    Str: 49    XL:     22   Next: 37%
Magic:  37/38      EV: 32    Int: 24    God:    Cheibriados [******]
Gold:   65         SH: 34    Dex: 33    Spells: 13/47 levels left

rFire    . . .     SeeInvis .     - Unarmed
rCold    . . .     Gourm    +   F - +1 large shield
rNeg     + . .     Faith    .   (armour currently unavailable)
rPois    ∞         Spirit   .   (helmet restricted)
rElec    +         Reflect  .   C - +0 cloak {+Inv}
rCorr    .         Harm     .   (gloves unavailable)
MR       +....     NoTele   +   (boots unavailable)
Stlth    ++++......             (no amulet)
HPRegen  1.09/turn              r - ring of the Fool {rF- rC+ Dex+9 Slay+3}
MPRegen  0.26/turn              R - ring "Buzog" {Fire Str+4}

@: statue-form, very slightly contaminated, studying Charms, silenced, very slow
A: large, unfitting armour, claws 3, deformed body, dopey 1, fast metabolism 3,
gourmand, regeneration 1
}: 9/17 runes: decaying, serpentine, barnacled, slimy, elven, silver, golden,
abyssal, gossamer
a: End Transformation, Renounce Religion, Evoke Invisibility


You were in the Dungeon.
You worshipped Cheibriados.
Cheibriados was exalted by your worship.
You were full.
You were a stone statue.
You visited 1 branch You collected 1961 gold pieces.
You spent 1896 gold pieces at shops.

Inventory:

Hand Weapons
 a - a +3 eudemon blade of holy wrath
 p - a +5 scimitar of flaming
Missiles
 i - 2 throwing nets (quivered)
 k - 169 bolts
 t - 18 boomerangs
 x - 40 stones
 J - 21 large rocks
Armour
 g - a +0 shield of reflection
 q - +0 storm dragon scales
 s - quicksilver dragon scales
 C - a +0 cloak of invisibility (worn)
 E - +3 swamp dragon scales
 F - a +1 large shield (worn)
 T - +12 gold dragon scales (melded)
 U - the +3 large shield of Immorality {rF- Int+5}
   (You found it in the Dungeon)

   It affects your intelligence (+5).
   It makes you vulnerable to fire.
Magical Staves
 o - an uncursed staff of energy
Jewellery
 r - the ring of the Fool (left claw) {rF- rC+ Dex+9 Slay+3}
   (You found it in the Dungeon)

   [ring of slaying]

   It affects your dexterity (+9).
   It affects your accuracy and damage with ranged weapons and melee attacks
   (+3).
   It makes you vulnerable to fire.
   It protects you from cold.
 D - an uncursed ring of protection from cold
 G - the ring of Mocva {rPois MR+ rCorr Int+4}
   (You bought it in a shop in the Dungeon)

   [ring of resist corrosion]

   It affects your intelligence (+4).
   It protects you from poison.
   It affects your resistance to hostile enchantments.
   It provides partial protection from all sources of acid and corrosion.
 K - a +4 ring of protection
 M - a +6 ring of intelligence
 Q - an uncursed ring of protection from fire
 R - the ring "Buzog" (right claw) {Fire Str+4}
   (You found it in the Dungeon)

   [ring of fire]

   It enhances your fire magic.
   It affects your strength (+4).
   It protects you from fire.
   It makes you vulnerable to cold.
 S - the ring "Hainabb" {MR+ Str+2}
   (You found it in the Dungeon)

   [ring of protection from magic]

   It affects your strength (+2).
   It affects your resistance to hostile enchantments.
Scrolls
 j - 4 scrolls of blinking
 l - 8 scrolls of remove curse
 m - 2 scrolls of amnesia
 w - a scroll of fog
 y - 3 scrolls of fear
 z - 8 scrolls of identify
 B - 2 scrolls of immolation
 H - a scroll of summoning
 P - a scroll of torment
Potions
 b - a potion of resistance
 c - 2 potions of might
 e - 7 potions of curing
 f - 10 potions of heal wounds
 h - a potion of magic
 u - 2 potions of mutation
 v - a potion of flight
Books
 I - a manual of Charms
Miscellaneous
 L - the horn of Geryon
Comestibles
 d - 15 rations


   Skills:
 O Level 27 Fighting
 - Level 26.4 Throwing
 O Level 27 Armour
 - Level 19.4 Dodging
 - Level 4.0 Stealth
 O Level 27 Shields
 O Level 27 Unarmed Combat
 - Level 13.3 Spellcasting
 + Level 15.1 Translocations
 - Level 12.6 Transmutations
 * Level 20.7 Fire Magic
 - Level 10.9 Earth Magic
 - Level 15.8 Invocations
 - Level 7.0 Evocations


You had 13 spell levels left.
You knew the following spells:

 Your Spells              Type           Power        Failure   Level  Hunger
a - Disjunction           Tloc           ######....   45%         8    #######
b - Ignite Poison         Fire/Tmut/Pois #######.     1%          3    None
d - Petrify               Tmut/Erth      ######..     1%          4    None
f - Ignition              Fire           ########..   4%          8    #######
j - Summon Lightning Spi  Summ/Air       ###.....     36%         4    None
y - Statue Form           Tmut/Erth      ######...    4%          6    #####..
z - Apportation           Tloc           ######       0%          1    None

Your spell library contained the following spells:

 Spells                   Type           Power        Failure   Level  Hunger
 Sandblast                Erth           ######       1%          1    None
 Throw Flame              Conj/Fire      ######       1%          2    None
 Call Imp                 Summ           ###.....     5%          2    None


Dungeon Overview and Level Annotations

Branches:
Dungeon (1/1)

Altars:
Cheibriados
Dithmenos
Elyvilon
Fedhas
Gozag
Hepliaklqana
Kikubaaqudgha
Makhleb
Nemelex Xobeh
Okawaru
Qazlal
Ru
Sif Muna
Trog
Uskayaw
Vehumet
Wu Jian
Xom
Yredelemnul
Zin
The Shining One
Beogh
Jiyva
Lugonu

Shops:
D ?=(?

Annotations:
D Ereshkigal, Lom Lobon, Mara


Innate Abilities, Weirdness & Mutations

You are too large for most types of armour.
You have claws for hands.
Your metabolism is lightning-fast.
You like to eat raw meat.
Your natural rate of healing is unusually fast.
((You are covered in fur. (AC +1)))
((You have extremely tough skin. (AC +3)))
Armour fits poorly on your strangely shaped body.
You are dopey. (Int -2)


Message History

Your Fire Magic skill increases to level 20!
You feel a little less mighty now. You block Ereshkigal's attack.
You feel much better.
The ball lightning explodes!
The blast of lightning engulfs the ball lightning.
The ball lightning completely resists.
The blast of lightning engulfs Lom Lobon.
Lom Lobon completely resists.
Ereshkigal calls on the powers of darkness!
Your body is wracked with pain!
* * * LOW HITPOINT WARNING * * *
Ereshkigal calls on the powers of darkness!
Your body is wracked with pain!
* * * LOW HITPOINT WARNING * * *
You miss Ereshkigal.
Ereshkigal is severely wounded.
Ereshkigal gestures at you. The bolt of cold hits you!!
You die...

▓(▓.▓.▓.▓.▓.▓.▓.▓.
▓*▓.▓.▓.▓.▓.▓)▓.▓.
▓(▓.▓'▓.▓)▓.▓.▓.▓.
▓§▓.▓.▓.▓.▓.▓.▓.▓)
▓.▓.▓.▓.▓.▓.▓.▓.▓)
▓&▓.▓.▓.▓.▓.▓[▓.▓)
▓1▓.▓.▓.▓)▓.▓'▓.▓)
▓&▓.▓.▓.▓.▓.▓†▓.▓)
▓8▓.▓.▓.▓)▓.▓'▓.▓.
▓.▓.▓.▓.▓)▓.▓.▓.▓.
▓§▓.▓.▓.▓)▓.▓[▓.▓.
▓.▓.▓.▓.▓)▓.▓.▓.▓.
▓.▓.▓'▓.▓)▓.▓'▓.▓)
▓.▓.▓.▓.▓)▓.▓[▓.▓†
▓.▓.▓.▓.▓)▓.▓.▓.▓)
▓.▓.▓.▓.♣.♣.▓.▓.▓)
▓.▓.▓.▓.♣.♣.▓.▓.▓.


You could see Lom Lobon, Ereshkigal, an Executioner and a ball lightning
(wandering).

Vanquished Creatures
  Cerebov (D)
  Antaeus (D)
  Asmodeus (D)
  the Royal Jelly (D)
  Mnoleg (D)
  Dispater (D)
  Mennas (D)
  3 orbs of fire (D)
  6 ancient liches (D)
  Sojobo (D)
  4 greater mummies (D)
  Frederick (D)
  Saint Roka (D)
  Margery (D)
  Geryon (D)
  Nikola (D)
  7 golden dragons (D)
  Jory (D)
  3 tentacled monstrosities (D)
  2 electric golems (D)
  26 Orb Guardians (D)
  2 liches (D)
  3 deep elf blademasters (D)
  3 quicksilver dragons (D)
  12 acid blobs (D)
  4 death cobs (D)
  13 sphinxes (D)
  A thorn hunter (D)
  9 shadow dragons (D)
  Kirke (D)
  2 tengu reavers (D)
  4 storm dragons (D)
  12 azure jellies (D)
  4 nagarajas (D)
  Ilsuiw (D)
  A draconian knight (D)
  3 frost giants (D)
  3 ghost moths (D)
  6 vault wardens (D)
  5 deep elf sorcerers (D)
  3 draconian scorchers (D)
  4 emperor scorpions (D)
  5 draconian shifters (D)
  An ironheart preserver (D)
  2 draconian stormcallers (D)
  Aizul (D)
  7 stone giants (D)
  3 very ugly things (D)
  A green draconian (D)
  An entropy weaver (D)
  7 vampire knights (D)
  2 deep elf demonologists (D)
  3 purple draconians (D)
  2 yellow draconians (D)
  A spark wasp (D)
  A deep elf annihilator (D)
  A black draconian (D)
  4 red draconians (D)
  A white draconian (D)
  Snorg (D)
  An ettin (D)
  2 merfolk javelineers (D)
  2 deep elf death magi (D)
  2 merfolk impalers (D)
  9 mummy priests (D)
  8 death oozes (D)
  3 yaktaur captains (D)
  5 fire dragons (D)
  A great orb of eyes (D)
  9 ogre magi (D)
  Harold (D)
  5 hydras (D)
  25 vault guards (D)
  2 ice dragons (D)
  A deep elf high priest (D)
  A centaur warrior (D)
  2 anacondas (D)
  6 merfolk aquamancers (D)
  3 naga warriors (D)
  A spriggan air mage (D)
  5 two-headed ogres (D)
  Erica (D)
  3 tengu warriors (D)
  An alligator (D)
  A deep troll shaman (D)
  2 deep troll earth magi (D)
  2 shock serpents (D)
  A spriggan berserker (D)
  Sonja (D)
  2 wretched stars (D)
  6 hell knights (D)
  A shadow wraith (D)
  A fire crab (shapeshifter) (D)
  A sea snake (shapeshifter) (D)
  An unseen horror (D)
  7 swamp dragons (D)
  A sea snake (D)
  A wizard (D)
  2 starcursed masses (D)
  A flayed ghost (D)
  A phantasmal warrior (D)
  4 ironbrand convokers (D)
  2 necromancers (D)
  7 orc knights (D)
  An orb spider (D)
  4 ugly things (D)
  A manticore (D)
  A faun (shapeshifter) (D)
  9 moths of wrath (D)
  2 cyclopes (D)
  A wolf spider (D)
  A worldbinder (D)
  A black mamba (D)
  A merfolk siren (D)
  2 guardian serpents (D)
  A water nymph (D)
  A guardian serpent (shapeshifter) (D)
  5 naga magi (D)
  Psyche (D)
  A vault sentinel (D)
  An orange demon (D)
  2 komodo dragons (D)
  A rime drake (D)
  9 spiny frogs (D)
  3 demonic crawlers (D)
  An ice devil (D)
  15 guardian mummies (D)
  3 yaktaurs (D)
  A tengu conjurer (D)
  A wind drake (D)
  3 merfolk (D)
  A wandering mushroom (D)
  3 jumping spiders (D)
  A polar bear (D)
  3 tyrant leeches (D)
  A hornet (D)
  A meliai (D)
  3 blink frogs (D)
  3 hippogriffs (D)
  A slime creature (D)
  A snapping turtle (D)
  A tarantella (D)
  A shadow (D)
  A ynoxinul (D)
  5 redbacks (D)
  11 spriggans (D)
  2 hogs (D)
  A large abomination (D)
  A human (D)
  2 yaks (D)
  A fire bat (shapeshifter) (D)
  4 vampire mosquitoes (D)
  A warg (D)
  A naga (shapeshifter) (D)
  An acid dragon (D)
  2 nagas (D)
  A water moccasin (D)
  2 porcupines (D)
  A swamp drake (D)
  3 ice beasts (D)
  A sky beast (D)
  12 orc warriors (D)
  A necrophage (D)
  5 ogres (D)
  5 bullfrogs (D)
  A small abomination (D)
  A wight (D)
  2 howler monkeys (D)
  A quasit (D)
  3 orc priests (D)
  4 orc wizards (D)
  A worker ant (D)
  An adder zombie (D)
  6 ball lightnings (D)
  A leopard gecko (D)
  11 orcs (D)
  A bat (D)
  A hobgoblin (D)
  A jackal (D)
  A kobold (D)
  A quokka (D)
  A frilled lizard (D)
544 creatures vanquished.

Vanquished Creatures (others)
  A naga mage (D)
  3 ball lightnings (D)
4 creatures vanquished.

Grand Total: 548 creatures vanquished

Notes
Turn   | Place    | Note
-------+----------+-------------------------------------------
     0 | D        | MordorOrchid the Troll Fighter began the quest for the Orb.
     0 | D        | Reached XP level 1. HP: 22/22 MP: 0/0
    30 | D        | Noticed a howler monkey
    30 | D        | Noticed an ice beast
    38 | D        | Reached XP level 2. HP: 29/29 MP: 1/1
    47 | D        | Killed an ice beast
    47 | D        | Reached XP level 3. HP: 36/36 MP: 2/2
    47 | D        | Reached XP level 4. HP: 44/44 MP: 3/3
    51 | D        | Reached skill level 10 in Unarmed Combat
    51 | D        | Reached XP level 5. HP: 50/50 MP: 4/4
    65 | D        | Found a roughly hewn altar of Beogh.
    65 | D        | Found a snail-covered altar of Cheibriados.
    65 | D        | Found a shadowy altar of Dithmenos.
    65 | D        | Found a white marble altar of Elyvilon.
    65 | D        | Found a blossoming altar of Fedhas.
    65 | D        | Found an opulent altar of Gozag.
    66 | D        | Found a hazy altar of Hepliaklqana.
    67 | D        | Found a viscous altar of Jiyva.
    68 | D        | Found an ancient bone altar of Kikubaaqudgha.
    69 | D        | Became a worshipper of Cheibriados the Contemplative
    70 | D        | Found a corrupted altar of Lugonu.
    71 | D        | Found a burning altar of Makhleb.
    72 | D        | Found a sparkling altar of Nemelex Xobeh.
    73 | D        | Found an iron altar of Okawaru.
    74 | D        | Found a stormy altar of Qazlal.
    75 | D        | Found a sacrificial altar of Ru.
    76 | D        | Found a shimmering blue altar of Sif Muna.
    77 | D        | Found a bloodstained altar of Trog.
    78 | D        | Found a hide-covered altar of Uskayaw.
    79 | D        | Found a radiant altar of Vehumet.
    80 | D        | Found an ornate altar of the Wu Jian Council.
    81 | D        | Found a shimmering altar of Xom.
    82 | D        | Found a basalt altar of Yredelemnul.
    83 | D        | Found a glowing silver altar of Zin.
    84 | D        | Found a glowing golden altar of the Shining One.
   119 | D        | Noticed a necrophage
   119 | D        | Noticed an orc warrior
   119 | D        | Noticed an ice beast
   121 | D        | Reached skill level 1 in Invocations
   126 | D        | Killed an ice beast
   126 | D        | Reached skill level 1 in Evocations
   126 | D        | Reached XP level 6. HP: 46/59 MP: 1/6
   127 | D        | Reached * piety under Cheibriados
   129 | D        | Killed an orc warrior
   133 | D        | Reached ** piety under Cheibriados
   157 | D        | Noticed a yak
   157 | D        | Noticed a yak
   157 | D        | Noticed a purple ugly thing
   157 | D        | Noticed a sky beast
   161 | D        | Reached XP level 7. HP: 55/66 MP: 2/8
   166 | D        | Killed a purple ugly thing
   166 | D        | Reached *** piety under Cheibriados
   166 | D        | Reached skill level 5 in Dodging
   166 | D        | Reached skill level 5 in Shields
   170 | D        | Reached XP level 8. HP: 44/75 MP: 0/10
   175 | D        | Reached skill level 5 in Invocations
   178 | D        | Reached **** piety under Cheibriados
   298 | D        | Noticed a spiny frog
   298 | D        | Noticed a spiny frog
   298 | D        | Noticed a hippogriff
   298 | D        | Noticed a spiny frog
   298 | D        | Noticed a komodo dragon
   302 | D        | Killed a komodo dragon
   303 | D        | Noticed a spiny frog
   309 | D        | Killed a spiny frog
   313 | D        | Killed a hippogriff
   313 | D        | Reached XP level 9. HP: 84/84 MP: 5/11
   318 | D        | Killed a spiny frog
   318 | D        | Reached skill level 10 in Shields
   326 | D        | Killed a spiny frog
   326 | D        | Reached ***** piety under Cheibriados
   332 | D        | Killed a spiny frog
   435 | D        | Noticed a rime drake
   435 | D        | Noticed a komodo dragon
   435 | D        | Noticed a polar bear
   441 | D        | Noticed a spiny frog
   444 | D        | Killed a polar bear
   449 | D        | Killed a komodo dragon
   449 | D        | Reached ****** piety under Cheibriados
   453 | D        | Killed a rime drake
   453 | D        | Reached skill level 5 in Evocations
   453 | D        | Reached XP level 10. HP: 54/92 MP: 4/13
   459 | D        | Killed a spiny frog
   516 | D        | Noticed a spiny frog
   528 | D        | Killed a spiny frog
   607 | D        | Noticed Psyche
   613 | D        | Killed Psyche
   622 | D        | Noticed Erica
   628 | D        | Killed Erica
   628 | D        | Reached skill level 5 in Fighting
   628 | D        | Reached skill level 15 in Unarmed Combat
   738 | D        | Noticed an orc knight
   738 | D        | Noticed an orc knight
   750 | D        | Killed an orc knight
   759 | D        | Killed an orc knight
   759 | D        | Reached XP level 11. HP: 67/104 MP: 8/16
   867 | D        | Noticed an orc knight
   885 | D        | Killed an orc knight
   894 | D        | Reached skill level 1 in Throwing
   937 | D        | Found Quiwn's Magic Scroll Boutique.
   937 | D        | Noticed a two-headed ogre
   937 | D        | Noticed an ogre mage
   937 | D        | Noticed a two-headed ogre
   937 | D        | Noticed a two-headed ogre
   941 | D        | Killed a two-headed ogre
   942 | D        | Noticed an ogre mage
   944 | D        | Killed a two-headed ogre
   957 | D        | Killed an ogre mage
   961 | D        | Killed a two-headed ogre
   967 | D        | Killed an ogre mage
   967 | D        | Reached skill level 10 in Invocations
  1061 | D        | Found Vuilonit's Antique Weapon Shop.
  1065 | D        | Found Uczaudya's Jewellery Boutique.
  1066 | D        | Noticed a two-headed ogre
  1074 | D        | Killed a two-headed ogre
  1083 | D        | Found Weakk's Magic Scroll Shop.
  1085 | D        | Noticed a two-headed ogre
  1086 | D        | Bought a scroll of fear for 42 gold pieces
  1092 | D        | Noticed an ogre mage
  1094 | D        | Killed a two-headed ogre
  1103 | D        | Killed an ogre mage
  1133 | D        | Bought a scroll of identify for 26 gold pieces
  1133 | D        | Bought a scroll of fear for 45 gold pieces
  1133 | D        | Bought a scroll of fear for 45 gold pieces
  1139 | D        | Bought a scroll of random uselessness for 12 gold pieces
  1140 | D        | Bought a scroll of magic mapping for 42 gold pieces
  1169 | D        | Noticed Sonja
  1185 | D        | Killed Sonja
  1229 | D        | Noticed Harold
  1234 | D        | Killed Harold
  1234 | D        | Reached XP level 12. HP: 111/118 MP: 19/19
  1483 | D        | Bought a scroll of immolation for 45 gold pieces
  1483 | D        | Bought a scroll of summoning for 123 gold pieces
  1485 | D        | Bought a cursed ring of attention for 49 gold pieces
  1490 | D        | Bought a scroll of enchant weapon for 90 gold pieces
  1491 | D        | Bought a scroll of immolation for 42 gold pieces
  1491 | D        | Bought a scroll of enchant armour for 90 gold pieces
  1497 | D        | Bought a scroll of acquirement for 676 gold pieces
  1505 | D        | Bought a scroll of identify for 24 gold pieces
  1505 | D        | Bought a scroll of identify for 24 gold pieces
  1512 | D        | Bought the ring of Mocva {rPois MR+ rCorr Int+4} for 497
                  | gold pieces
  1520 | D        | Bought a scroll of identify for 24 gold pieces
  1652 | D        | Noticed a centaur warrior
  1652 | D        | Noticed an ogre mage
  1655 | D        | Killed an ogre mage
  1663 | D        | Killed a centaur warrior
  1663 | D        | Reached skill level 5 in Armour
  1676 | D        | Noticed a stone giant
  1681 | D        | Noticed a tengu warrior
  1682 | D        | Noticed a tengu warrior
  1689 | D        | Noticed an ogre mage
  1696 | D        | Killed a stone giant
  1700 | D        | Killed a tengu warrior
  1712 | D        | Killed a tengu warrior
  1712 | D        | Reached skill level 10 in Armour
  1719 | D        | Killed an ogre mage
  1790 | D        | Noticed Snorg
  1802 | D        | Killed Snorg
  1821 | D        | Noticed Kirke
  1852 | D        | Killed Kirke
  1959 | D        | Noticed an alligator
  1969 | D        | Killed an alligator
  1972 | D        | Reached skill level 5 in Throwing
  1972 | D        | Reached XP level 13. HP: 127/127 MP: 20/20
  2005 | D        | Noticed an entropy weaver
  2006 | D        | Reached skill level 15 in Shields
  2012 | D        | Killed an entropy weaver
  2285 | D        | Noticed a frost giant
  2285 | D        | Noticed a stone giant
  2298 | D        | Noticed a stone giant
  2303 | D        | Killed a stone giant
  2312 | D        | Killed a frost giant
  2321 | D        | Noticed a fire dragon
  2331 | D        | Killed a stone giant
  2332 | D        | Paralysed by a great orb of eyes for 3 turns
  2341 | D        | Noticed a stone giant
  2344 | D        | Noticed a fire dragon
  2345 | D        | Noticed a green very ugly thing
  2351 | D        | Killed a fire dragon
  2357 | D        | Reached XP level 14. HP: 61/141 MP: 7/22
  2363 | D        | Reached skill level 10 in Fighting
  2377 | D        | Killed a stone giant
  2390 | D        | Killed a green very ugly thing
  2506 | D        | Noticed an ironheart preserver
  2506 | D        | Noticed a vault warden
  2506 | D        | Noticed a vault warden
  2514 | D        | Killed a vault warden
  2524 | D        | Killed a vault warden
  2533 | D        | Killed an ironheart preserver
  2622 | D        | Noticed a vault warden
  2622 | D        | Noticed a vault warden
  2628 | D        | Killed a vault warden
  2642 | D        | Noticed a stone giant
  2644 | D        | Killed a vault warden
  2650 | D        | Killed a stone giant
  2650 | D        | Reached skill level 10 in Dodging
  2705 | D        | Noticed a vault warden
  2717 | D        | Killed a vault warden
  2717 | D        | Reached skill level 10 in Throwing
  2728 | D        | Reached skill level 1 in Spellcasting
  2786 | D        | Noticed Saint Roka
  2790 | D        | Noticed Jory
  2798 | D        | Killed Saint Roka
  2823 | D        | Killed Jory
  2926 | D        | Noticed Nikola
  2935 | D        | Killed Nikola
  2935 | D        | Reached XP level 15. HP: 82/156 MP: 16/23
  3160 | D        | Noticed a tengu reaver
  3161 | D        | Noticed Sojobo
  3165 | D        | Killed a tengu reaver
  3165 | D        | Noticed a tengu reaver
  3202 | D        | Killed Sojobo
  3212 | D        | Killed a tengu reaver
  3336 | D        | Noticed a nagaraja
  3336 | D        | Noticed a nagaraja
  3336 | D        | Noticed a nagaraja
  3339 | D        | Killed a nagaraja
  3348 | D        | Killed a nagaraja
  3356 | D        | Killed a nagaraja
  3409 | D        | Noticed a nagaraja
  3422 | D        | Killed a nagaraja
  3443 | D        | Got a serpentine rune of Zot
  3454 | D        | Noticed a thorn hunter
  3459 | D        | Reached skill level 5 in Spellcasting
  3469 | D        | Killed a thorn hunter
  3512 | D        | Got a decaying rune of Zot
  3558 | D        | Noticed Ilsuiw
  3622 | D        | Killed Ilsuiw
  3660 | D        | Got a barnacled rune of Zot
  3692 | D        | Reached XP level 16. HP: 160/170 MP: 19/25
  3745 | D        | Got a gossamer rune of Zot
  3777 | D        | Noticed Frederick
  3788 | D        | Killed Frederick
  3961 | D        | Reached skill level 15 in Throwing
  4016 | D        | Noticed a golden dragon
  4025 | D        | Reached skill level 1 in Stealth
  4027 | D        | Killed a golden dragon
  4032 | D        | Noticed a shadow dragon
  4038 | D        | Noticed a shadow dragon
  4046 | D        | Killed a shadow dragon
  4047 | D        | Killed a shadow dragon
  4047 | D        | Reached skill level 15 in Fighting
  4097 | D        | Noticed a shadow dragon
  4097 | D        | Noticed a golden dragon
  4097 | D        | Noticed a golden dragon
  4097 | D        | Noticed a sphinx
  4097 | D        | Noticed a shadow dragon
  4100 | D        | Reached skill level 15 in Invocations
  4102 | D        | Killed a sphinx
  4102 | D        | Killed a golden dragon
  4102 | D        | Reached XP level 17. HP: 160/184 MP: 28/28
  4103 | D        | Killed a golden dragon
  4118 | D        | Found the +3 robe of Clouds {+Thunder rCloud rElec}
  4124 | D        | Identified the Reference Book on Clay and the Traveller
  4128 | D        | Learned a level 1 spell: Apportation
  4135 | D        | Learned a level 6 spell: Statue Form
  4140 | D        | Learned a level 4 spell: Petrify
  4143 | D        | Identified the Collected Works on Creative Ignition
  4149 | D        | Got a silver rune of Zot
  4174 | D        | Noticed Mara
  4178 | D        | Noticed MordorOrchid's illusion
  4194 | D        | Noticed MordorOrchid's illusion
  4372 | D        | Noticed Mennas
  4399 | D        | Killed Mennas
  4399 | D        | Reached skill level 5 in Earth Magic
  4406 | D        | Noticed Margery
  4420 | D        | Killed Margery
  4476 | D        | Got the ring "Xiprixoe" {rPois Str+4}
  4479 | D        | Got the ring "Buzog" {Fire Str+4}
  4484 | D        | Got the ring of the Fool {rF- rC+ Dex+9 Slay+3}
  4486 | D        | Got the ring "Hainabb" {MR+ Str+2}
  4488 | D        | Got the ring "Deebeant" {rPois Slay+2}
  4510 | D        | Got the +3 large shield of Immorality {rF- Int+5}
  4600 | D        | Noticed Aizul
  4618 | D        | Killed Aizul
  4727 | D        | Noticed a golden dragon
  4735 | D        | Killed a golden dragon
  4736 | D        | Reached skill level 15 in Armour
  4838 | D        | Learned a level 4 spell: Summon Lightning Spire
  4858 | D        | Noticed a quicksilver dragon
  4868 | D        | Killed a quicksilver dragon
  4929 | D        | Noticed a tentacled monstrosity
  4929 | D        | Noticed a tentacled monstrosity
  4932 | D        | Killed a tentacled monstrosity
  4932 | D        | Reached XP level 18. HP: 192/192 MP: 30/30
  4934 | D        | Killed a tentacled monstrosity
  5030 | D        | Noticed a tentacled monstrosity
  5048 | D        | Killed a tentacled monstrosity
  5172 | D        | Noticed an Orb Guardian
  5172 | D        | Noticed an Orb Guardian
  5172 | D        | Noticed an Orb Guardian
  5172 | D        | Noticed an Orb Guardian
  5172 | D        | Noticed an Orb Guardian
  5172 | D        | Noticed an Orb Guardian
  5174 | D        | Noticed an Orb Guardian
  5175 | D        | Killed an Orb Guardian
  5176 | D        | Killed an Orb Guardian
  5177 | D        | Noticed an Orb Guardian
  5179 | D        | Killed an Orb Guardian
  5180 | D        | Killed an Orb Guardian
  5181 | D        | Killed an Orb Guardian
  5181 | D        | Killed an Orb Guardian
  5182 | D        | Killed an Orb Guardian
  5182 | D        | Killed an Orb Guardian
  5185 | D        | Noticed an Orb Guardian
  5186 | D        | Noticed an Orb Guardian
  5190 | D        | Killed an Orb Guardian
  5193 | D        | Killed an Orb Guardian
  5202 | D        | Noticed an Orb Guardian
  5202 | D        | Noticed an Orb Guardian
  5202 | D        | Noticed a golden dragon
  5205 | D        | Killed an Orb Guardian
  5205 | D        | Reached skill level 27 in Armour
  5207 | D        | Killed an Orb Guardian
  5207 | D        | Noticed an Orb Guardian
  5208 | D        | Killed a golden dragon
  5209 | D        | Noticed an Orb Guardian
  5210 | D        | Killed an Orb Guardian
  5210 | D        | Reached XP level 19. HP: 159/200 MP: 31/31
  5281 | D        | Noticed an ancient lich
  5287 | D        | Killed an ancient lich
  5290 | D        | Noticed an orb of fire
  5294 | D        | Gained mutation: You are dopey. (Int -2) [an orb of fire]
  5296 | D        | Killed an orb of fire
  5298 | D        | Noticed an electric golem
  5304 | D        | Killed an electric golem
  5307 | D        | Noticed a golden dragon
  5307 | D        | Noticed an ancient lich
  5308 | D        | Noticed an orb of fire
  5312 | D        | Noticed an orb of fire
  5314 | D        | Noticed an ancient lich
  5319 | D        | Killed an ancient lich
  5319 | D        | Reached skill level 27 in Shields
  5323 | D        | Noticed a golden dragon
  5325 | D        | Noticed an ancient lich
  5437 | D        | Killed a golden dragon
  5437 | D        | Gained mutation: Armour fits poorly on your strangely
                  | shaped body. [an orb of fire]
  5443 | D        | Killed an orb of fire
  5452 | D        | Killed an orb of fire
  5454 | D        | Killed an ancient lich
  5456 | D        | Killed a golden dragon
  5464 | D        | Noticed an electric golem
  5489 | D        | Killed an electric golem
  5588 | D        | Killed an ancient lich
  5602 | D        | Reached XP level 20. HP: 243/243 MP: 24/32
  5731 | D        | Reached skill level 27 in Fighting
  5739 | D        | Noticed an ancient lich
  5741 | D        | Noticed an ancient lich
  5743 | D        | Killed an ancient lich
  5754 | D        | Killed an ancient lich
  5774 | D        | Reached skill level 15 in Dodging
  5818 | D        | Reached skill level 27 in Unarmed Combat
  5862 | D        | Got an elven rune of Zot
  5902 | D        | Noticed the Royal Jelly
  5922 | D        | Killed the Royal Jelly
  5922 | D        | Reached XP level 21. HP: 247/264 MP: 30/33
  5950 | D        | Got a slimy rune of Zot
  6049 | D        | Reached skill level 10 in Spellcasting
  6049 | D        | Reached skill level 10 in Transmutations
  6252 | D        | Reached skill level 10 in Earth Magic
  6300 | D        | Learned a level 8 spell: Ignition
  6309 | D        | Learned a level 8 spell: Disjunction
  6313 | D        | Learned a level 3 spell: Ignite Poison
  6314 | D        | Noticed a greater mummy
  6314 | D        | Noticed a greater mummy
  6314 | D        | Noticed a greater mummy
  6315 | D        | Reached skill level 1 in Fire Magic
  6318 | D        | Killed a greater mummy
  6318 | D        | Reached skill level 5 in Fire Magic
  6320 | D        | Killed a greater mummy
  6320 | D        | Killed a greater mummy
  6338 | D        | Noticed a greater mummy
  6342 | D        | Killed a greater mummy
  6358 | D        | Got a golden rune of Zot
  6415 | D        | Got an abyssal rune of Zot
  6550 | D        | Noticed Geryon
  6557 | D        | Killed Geryon
  6561 | D        | Noticed Lom Lobon
  6561 | D        | Identified the +4 staff of Dispater
  6561 | D        | Noticed Dispater
  6561 | D        | Identified the +6 sword of Cerebov {flame}
  6561 | D        | Noticed Cerebov
  6572 | D        | Noticed Mnoleg
  6574 | D        | Noticed Antaeus
  6578 | D        | Killed Dispater
  6578 | D        | Reached skill level 15 in Fire Magic
  6587 | D        | Killed Mnoleg
  6594 | D        | Killed Cerebov
  6594 | D        | Reached XP level 22. HP: 82/271 MP: 27/38
  6594 | D        | Identified the +7 sceptre of Asmodeus
  6594 | D        | Noticed Asmodeus
  6604 | D        | Killed Antaeus
  6609 | D        | Noticed Ereshkigal
  6624 | D        | Killed Asmodeus
  6624 | D        | Reached skill level 15 in Translocations
  6626 | D        | Killed from afar by Ereshkigal

Levels and vault maps discovered:
D:        linesprint [early_d, line_temple, items_1, d_10, items_2, lair_1,
          lair_end, items_3, orc_1, orc_end, items_4, d_15, swamp_1, shoals_1,
          snake_1, spider_1, d_20, vaults_1, items_5, swamp_end, shoals_end,
          snake_end, spider_end, vaults_end, d_27, items_6, zot_1, zot_end,
          crypt_end, forest_end, elf_end, slime_end, tomb_end, abyss_end,
          pan_hell_end]

Skill      XL: |  1  2  3  4  5  6  7  8  9 10 11 12 13 14 15 16 17 18 19 20 21 22 |
---------------+-------------------------------------------------------------------+-----
Unarmed Combat | 4 9 10 11 12 13 15 17 18 21 23 24 25 27 | 27.0
Invocations    | 2 3 4 5 6 8 11 13 14 15 | 15.8
Dodging        | 3 4 5 6 8 10 12 13 18 19 | 19.4
Shields        | 3 4 5 9 12 13 14 16 18 20 21 22 23 27 | 27.0
Evocations     | 1 3 4 5 6 7 |  7.0
Fighting       | 3 4 5 7 8 9 11 13 15 24 27 | 27.0
Throwing       | 4 5 7 10 12 17 19 25 26 | 26.4
Armour         | 11 12 19 27 | 27.0
Spellcasting   | 3 6 8 9 13 | 13.3
Stealth        | 3 4 |  4.0
Translocations | 4 12 15 | 15.1
Transmutations | 8 12 | 12.6
Earth Magic    | 7 10 | 10.9
Fire Magic     | 18 20 | 20.7

Action                   |  1- 3 |  4- 6 |  7- 9 | 10-12 | 13-15 | 16-18 | 19-21 | 22-24 || total
-------------------------+-------+-------+-------+-------+-------+-------+-------+-------++-------
Melee: Unarmed           |    27 |    21 |    60 |   270 |   436 |   247 |   190 |     8 ||  1259
Throw: Boomerang         |       |       |     1 |    17 |     3 |       |     2 |       ||    23
       Dart              |       |       |       |     7 |     8 |     4 |       |     2 ||    21
       Large rock        |       |       |       |     3 |    37 |    91 |    70 |     6 ||   207
       Javelin           |       |       |       |       |       |   108 |    80 |     8 ||   196
       Throwing net      |       |       |       |       |       |       |     1 |       ||     1
 Cast: Statue Form       |       |       |       |       |       |       |     4 |       ||     4
       Apportation       |       |       |       |       |       |       |    41 |       ||    41
       Petrify           |       |       |       |       |       |       |     1 |       ||     1
Invok: Bend Time         |       |     2 |     8 |    31 |    51 |    14 |    14 |       ||   120
       Slouch            |       |       |       |     2 |    11 |     8 |     1 |       ||    22
       Temporal Distorti |       |       |       |     1 |    10 |     3 |     7 |       ||    21
Evoke: Wand              |       |     1 |     3 |     1 |     5 |       |       |       ||    10
  Use: Potion            |     1 |       |     2 |       |     5 |     7 |     2 |     4 ||    21
       Scroll            |       |       |     2 |     6 |       |     9 |     3 |     1 ||    21
 Stab: Invisible         |       |       |     2 |       |       |       |       |       ||     2
  Eat: Chunk             |     3 |     4 |     2 |    14 |    17 |    15 |    10 |       ||    65
Armor: Robe              |     6 |     3 |     2 |    15 |       |       |       |       ||    26
       Swamp dragon scal |       |       |       |       |    59 |    20 |       |       ||    79
       Gold dragon scale |       |       |       |       |       |    30 |    26 |       ||    56
       Skin              |       |       |       |       |       |       |    10 |     4 ||    14
Dodge: Dodged            |     7 |     2 |    19 |    51 |   100 |    44 |    50 |     2 ||   275
Block: Shield            |     6 |     2 |    22 |    71 |       |       |       |       ||   101
       Large shield      |       |       |       |    64 |   378 |   229 |   144 |    14 ||   829

Table legend:
 A = Non-vault XP
 B = Vault XP
 C = Vault XP percentage of total XP
 D = Non-vault monster count
 E = Vault monster count
 F = Vault count percentage of total count
                 A         B        C        D         E       F
            +---------+---------+-------+---------+---------+-------
      Total |     719 |  757092 |  99.9 |       7 |     523 |  98.7
            +---------+---------+-------+---------+---------+-------
          D |     719 |  757092 |  99.9 |       7 |     523 |  98.7
            +---------+---------+-------+---------+---------+-------
